 Dungeon Crawl Stone Soup version 0.20.1-1-g8b1a95d66d (webtiles) character file.

73 Koyanaruu the Skirmisher (level 4, 0/35 HPs)
             Began as a Human Wanderer on Dec 31, 2017.
             Was an Initiate of the Shining One.
             Slain by an ogre
             ... wielding a +0 giant club
              (24 damage)
             ... on level 4 of the Dungeon.
             The game lasted 00:20:52 (3920 turns).

Koyanaruu the Skirmisher (Human Wanderer)           Turns: 3920, Time: 00:20:53

Health: 0/35       AC:  8    Str: 11    XL:     4   Next: 51%
Magic:  5/5        EV: 12    Int: 14    God:    the Shining One [......]
Gold:   147        SH:  0    Dex: 13    Spells: 3/3 levels left

rFire    . . .     SeeInvis .   w - +0 rapier
rCold    . . .     Gourm    .   (no shield)
rNeg     + . .     Faith    .   y - +2 leather armour {rN+}
rPois    .         Spirit   .   (no helmet)
rElec    .         Reflect  .   m - +2 cloak
rCorr    +         Harm     .   (no gloves)
MR       .....                  (no boots)
Stlth    +.........             (no amulet)
Regen    0.2/turn               q - ring of resist corrosion
MPRegen  0.1/turn               (no ring)

@: glowing
A: no striking features
a: Renounce Religion


You were on level 4 of the Dungeon.
You worshipped the Shining One.
The Shining One was noncommittal.
You were not hungry.

You visited 1 branch of the dungeon, and saw 4 of its levels.

You collected 147 gold pieces.

Inventory:

Hand Weapons
 b - a +0 hand axe
 e - a +0 dagger
 i - a +0 whip
 l - a +0 short sword
 n - a +0 spear
 o - a +0 mace
 p - a +0 mace
 s - a +0 mace
 w - a +0 rapier (weapon)
 x - a +0 flail
Missiles
 g - 109 stones (quivered)
 h - 15 poisoned needles
 k - 55 arrows
 t - 2 tomahawks of returning
 v - a tomahawk
Armour
 d - a +0 robe
 j - a +0 leather armour
 m - a +2 cloak (worn)
 y - a +2 leather armour of positive energy (worn)
Jewellery
 q - a ring of resist corrosion (left hand)
Scrolls
 c - 2 scrolls of teleportation
Potions
 r - a potion of heal wounds
Miscellaneous
 a - a phial of floods
Comestibles
 f - a bread ration


   Skills:
 + Level 3.5 Fighting
 + Level 1.1 Short Blades
 + Level 0.8 Maces & Flails
 + Level 1.0 Polearms
   Level 1.0 Bows
 + Level 0.6 Throwing
 + Level 2.0 Armour
 + Level 2.5 Dodging
 + Level 0.4 Stealth
 + Level 2.1 Evocations


You had 3 spell levels left.
You didn't know any spells.

Dungeon Overview and Level Annotations

Branches:
Dungeon (4/15)
 Temple: D:4-7

Altars:
The Shining One

Annotations:
D:3 Sigmund, Terence


Message History

a short sword; a leather armour; a hand axe; a leather armour An ogre comes into view.
It is wielding a giant club.
The ogre shouts!
The ogre barely misses you.
You puncture the ogre!
The ogre is moderately wounded.
The ogre hits you with a giant club!
Okay, then.
The ogre barely misses you. The ogre hits you with a giant club.
The ogre closely misses you.
Items here: )) [[ a short sword; a leather armour; a hand axe; a leather armour
Items here: )) [ รทรท a short sword; a ring mail; a short sword of freezing; an orc skeleton x2
There is a stone staircase leading up here.
You see here a jackal skeleton.
The ogre hits you with a giant club!!
Ouch! That really hurt!
You die...

# #.# #. #####.# #.
#.. ..# ### ###
###.###.#
#.###.###..
......#>###.##......
#.........#.....#
###.#.###.##....#
#.....# #.###.#.#.#
#.#.### #.)).O@...#
###.#.# #####.#.###
......# #+#.#
###.### .# #.# # ..
#.#.## .. #....# ...
..........+ ...
###....####


You could see an ogre.

Vanquished Creatures
  2 adders (D:2)
  A worm (D:3)
  3 dart slugs (D:1)
  5 orcs (D:4)
  4 bats
  A giant cockroach (D:1)
  3 goblins
  4 hobgoblins
  2 jackals
  A quokka (D:2)
  2 ball pythons
  9 kobolds
  3 rats
40 creatures vanquished.

Notes
Turn   | Place    | Note
-------+----------+-------------------------------------------
     0 | D:1      | Koyanaruu the Human Wanderer began the quest for the Orb.
     0 | D:1      | Koyanaruu set off with: a phial of floods, a potion of curing, a scroll of teleportation, a +0 robe, a +0 dagger, a bread ration
     0 | D:1      | Reached XP level 1. HP: 18/18 MP: 2/2
   665 | D:1      | Reached XP level 2. HP: 11/24 MP: 3/3
  1034 | D:1      | Reached skill level 1 in Short Blades
  1296 | D:1      | Reached XP level 3. HP: 25/29 MP: 4/4
  2342 | D:2      | Found a glowing golden altar of the Shining One.
  2360 | D:2      | Became a worshipper of the Shining One
  2407 | D:2      | Reached XP level 4. HP: 29/35 MP: 5/5
  2870 | D:3      | Noticed Terence
  3568 | D:3      | Noticed Sigmund
  3891 | D:4      | Noticed an ogre
  3920 | D:4      | Slain by an ogre

Skill      XL: |  1  2  3  4 |
---------------+-------------+-----
Short Blades   | 1 |  1.1
Armour         | 2 |  2.0
Fighting       | |  3.5
Maces & Flails | |  0.8
Polearms       | |  1.0
Bows           | |  1.0
Throwing       | |  0.6
Dodging        | |  2.5
Stealth        | |  0.4
Evocations     | |  2.1

Action                   |  1- 3 |  4- 6 || total
-------------------------+-------+-------++-------
Melee: Dagger            |    66 |       ||    66
       Whip              |     6 |       ||     6
       Short sword       |    39 |       ||    39
       Mace              |    28 |    24 ||    52
       Rapier            |       |    34 ||    34
Throw: Stone             |    35 |       ||    35
  Use: Potion            |     3 |       ||     3
       Scroll            |     2 |     1 ||     3
  Eat: Bread ration      |     1 |       ||     1
       Chunk             |       |     2 ||     2
       Meat ration       |       |     1 ||     1
       Royal jelly       |       |     1 ||     1
Armor: Robe              |     1 |       ||     1
       Leather armour    |    54 |    16 ||    70
Dodge: Dodged            |   118 |    47 ||   165
